 Dungeon Crawl Stone Soup version 0.18-b1-14-g029dad2 (webtiles) character file.

175 Alarkh the Magician (level 5, -10/35 HPs)
             Began as a Mummy Earth Elementalist on Apr 30, 2016.
             Mangled by an ogre
             ... wielding a +0 giant spiked club
              (21 damage)
             ... on level 4 of the Dungeon.
             The game lasted 00:02:27 (2312 turns).

Alarkh the Magician (Mummy Earth Elementalist)      Turns: 2312, Time: 00:02:28

Health: -10/35     AC:  3    Str: 11    XL:     5   Next: 29%
Magic:  11/11      EV: 12    Int: 16    God:
Gold:   131        SH:  0    Dex: 12    Spells: 3 memorised, 6 levels left

rFire  x . .     SeeInvis .     b - 81 stones
rCold  + . .     Gourm    .     g - +0 robe
rNeg   + + +     Faith    .     (no shield)
rPois  ∞         Spirit   .     (no helmet)
rElec  .         Dismiss  .     (no cloak)
rCorr  .         Reflect  .     e - +0 pair of gloves
SustAt .         Harm     .     (no boots)
MR     .....                    (no amulet)
Stlth  ++........               (no ring)
                                (no ring)

@: not resistant to hostile enchantments, unstealthy
A: no food or potions, fire vulnerability, cold resistance 1, negative energy
resistance 3, torment resistance, unbreathing
a: no special abilities


You were on level 4 of the Dungeon.
You were not hungry.

You visited 1 branch of the dungeon, and saw 4 of its levels.

You collected 131 gold pieces.

Inventory:

Hand Weapons
 a - a +0 spear
Missiles
 b - 81 stones (in hand)
Armour
 e - a +0 pair of gloves (worn)
 g - a +0 robe (worn)
Scrolls
 d - a scroll of teleportation {unknown}
 f - 2 scrolls of identify {unknown}
 h - a scroll of enchant armour {unknown}
 i - a scroll of recharging {unknown}
 j - 2 scrolls of random uselessness {unknown}
Books
 c - a book of Geomancy

   Spells                             Type                      Level
   a - Sandblast                      Earth                        1
   b - Passwall                       Transmutation/Earth          2
   c - Stone Arrow                    Conjuration/Earth            3
   d - Petrify                        Transmutation/Earth          4
   e - Lee's Rapid Deconstruction     Earth                        5


   Skills:
 - Level 1.5 Dodging
 - Level 1.5 Stealth
 + Level 4.0 Spellcasting
 - Level 0.7 Transmutations
 + Level 3.8 Earth Magic


You had 6 spell levels left.
You knew the following spells:

 Your Spells              Type           Power        Failure   Level  Hunger
a - Sandblast             Erth           ###...       4%          1    N/A
b - Passwall              Trmt/Erth      ##........   12%         2    N/A
c - Stone Arrow           Conj/Erth      #.....       28%         3    N/A

Dungeon Overview and Level Annotations

Branches:
Dungeon (4/15)
 Temple: D:4-7

Altars:
Ashenzari
Okawaru
Qazlal


Innate Abilities, Weirdness & Mutations

You do not eat or drink.
Your flesh is vulnerable to fire.
You are immune to poison.
Your flesh is cold resistant.
You are immune to negative energy.
You are immune to unholy pain and torment.
You can survive without breathing.


Message History

An ogre comes into view. It is wielding a giant spiked club.
The howler monkey hoots and howls with incredible vigour!
You hear a bark! x2
A worker ant comes into view.
The hound closely misses you.
The ogre hits you with a giant spiked club!
The howler monkey hoots and howls with incredible vigour!
Read which item? (? for menu, Esc to quit)
Okay, then.
The hound closely misses you. The worker ant barely misses you.
Found 13 gold pieces.
You clumsily bash the hound but do no damage.
The howler monkey hoots and howls with incredible vigour!
The hound bites you. The ogre barely misses you.
The worker ant closely misses you. The hound closely misses you.
You hear a bark! x2
The hound bites you. The worker ant misses you.
The ogre hits you with a giant spiked club!!
Ouch! That really hurt!
You die...

#..$.## #..... #....
+... #.. #.# ###a##
#.@h.# ... #.hO.# .<.
#...##### ..#
#######...##..##..###
.........Sh#.........
..!..>.....#.........
...........'....†....
...........#.<..>....
...........#....#####


You could see an ogre, 2 howler monkeys, a hound, a worker ant and an adder.

Vanquished Creatures
  2 orc priests (D:3)
  Jessica (D:3)
  A worker ant (D:3)
  2 adders
  An ooze (D:2)
  A dart slug (D:1)
  2 worms (D:2)
  2 giant geckos
  3 orcs
  2 giant cockroaches (D:3)
  7 goblins
  A hobgoblin (D:1)
  A quokka (D:3)
  A bat (D:1)
  A giant newt (D:1)
  5 kobolds
  7 rats
40 creatures vanquished.

Notes
Turn   | Place    | Note
--------------------------------------------------------------
     0 | D:1      | Alarkh the Mummy Earth Elementalist began the quest for the Orb.
     0 | D:1      | Reached XP level 1. HP: 13/13 MP: 3/3
   627 | D:1      | Reached XP level 2. HP: 13/19 MP: 1/5
   986 | D:2      | Found a shattered altar of Ashenzari.
   986 | D:2      | Found a stormy altar of Qazlal.
  1000 | D:2      | Reached XP level 3. HP: 24/24 MP: 4/7
  1197 | D:2      | Reached skill level 3 in Spellcasting
  1290 | D:3      | Learned a level 3 spell: Stone Arrow
  1293 | D:3      | Learned a level 2 spell: Passwall
  1401 | D:3      | Found an iron altar of Okawaru.
  1406 | D:3      | Reached XP level 4. HP: 30/30 MP: 6/8
  1495 | D:3      | Noticed Jessica
  1502 | D:3      | Killed Jessica
  1590 | D:3      | Reached XP level 5. HP: 33/35 MP: 1/10
  1756 | D:3      | Reached skill level 4 in Spellcasting
  2306 | D:4      | Noticed an ogre
  2312 | D:4      | Mangled by an ogre

Skill      XL: |  1  2  3  4  5 |
---------------+----------------+-----
Spellcasting   | 3 4 |  4.0
Earth Magic    | 3 |  3.8
Dodging        | |  1.5
Stealth        | |  1.5
Transmutations | |  0.7

Action                   |  1- 3 |  4- 6 || total
-------------------------+-------+-------++-------
Melee: Spear             |     2 |       ||     2
 Cast: Sandblast         |    43 |    28 ||    71
Armor: Robe              |     1 |     2 ||     3
Dodge: Dodged            |    13 |    10 ||    23
